 Dungeon Crawl Stone Soup version 0.31.0-11-ge490571c62 (webtiles) character file.

Game seed: 16625797556011850431

444 rumournova the Chopper (level 7, -3/61 HPs)
             Began as a Hill Orc Monk on Jan 26, 2024.
             Splashed by a jelly's acid (9 damage)
             ... on level 4 of the Dungeon on Jan 29, 2024.
             The game lasted 00:13:17 (3749 turns).

rumournova the Chopper (Hill Orc Monk)              Turns: 3749, Time: 00:13:20

Health: -3/61      AC: -10   Str: 16    XL:     7   Next: 3%
Magic:  7/7        EV:  5    Int: 16    God:
Gold:   240        SH:  0    Dex: 13    Spells: 6/6 levels left

rFire   . . .        a - +1 hand axe
rCold   . . .        d - orb {light}
rNeg    . . .        m - +0 plate armour
rPois   .            n - +0 helmet
rElec   .            (no cloak)
rCorr   .            e - +0 pair of gloves
SInv    .            (no boots)
Will    .....        (no amulet) Stlth
                     l - ring of flight
HPRegen 0.30/turn    o - +6 ring of intelligence
MPRegen 0.10/turn

%: no passive effects
@: corroded, flying, glowing
A: no striking features
a: no special abilities


You were on level 4 of the Dungeon.
You visited 1 branch of the dungeon, and saw 7 of its levels.

You collected 240 gold pieces.

Inventory:

Hand Weapons
 a - a +1 hand axe (weapon)
Missiles
 b - 6 poisoned darts (quivered)
Armour
 d - an orb of light (worn)
 e - a +0 pair of gloves (worn)
 m - a +0 plate armour (worn)
 n - a +0 helmet (worn)
Jewellery
 l - a ring of flight (left hand)
 o - a +6 ring of intelligence (right hand)
Wands
 i - a wand of roots (10)
Scrolls
 f - 2 scrolls of identify
 g - a scroll of fear
 j - a scroll of teleportation
 r - a scroll of poison {unknown}
 s - 3 scrolls of acquirement {unknown}
Potions
 c - a potion of ambrosia
 h - a potion of might
 k - 2 potions of curing
 p - 2 potions of berserk rage
 q - a potion of enlightenment {unknown}


   Skills:
 + Level 5.4 Fighting
 + Level 7.6 Axes
 + Level 2.9 Armour
 + Level 2.9 Dodging
 + Level 0.5 Stealth


You had 6 spell levels left.
You didn't know any spells.
Your spell library contained the following spells:

 Spells                   Type           Power      Damage    Failure   Level
 Apportation              Tloc           0%         N/A       100%        1
 Slow                     Hex            0%         N/A       100%        1
 Jinxbite                 Hex            0%         N/A       100%        2
 Confusing Touch          Hex            0%         N/A       100%        3
 Dazzling Flash           Conj/Hex       0%         N/A       100%        3
 Sigil of Binding         Hex            0%         N/A       100%        3
 Vampiric Draining        Necr           0%         2d6       100%        3
 Volatile Blastmotes      Fire/Tloc      0%         2d10      100%        3
 Alistair's Intoxication  Alch           0%         N/A       100%        5
 Starburst                Conj/Fire      0%         6d3       100%        6
 Maxwell's Capacitive Co  Air            0%         ∞         100%        8


Dungeon Overview and Level Annotations

Branches:
Dungeon (7/15)
 Temple: D:4-7

Altars:
Makhleb
Trog

Shops:
D:2 *   D:4 =


Message History

The jelly barely misses you. The kobold hits you with a +0 club.
The kobold hits you with a +0 short sword.
You hit the jelly but do no damage.
Your hands burn!
The jelly is moderately wounded.
You barely miss the kobold. You hit the kobold but do no damage.
The jelly barely misses you. The kobold barely misses you.
The kobold completely misses you. The kobold hits you with a +0 club.
* * * LOW HITPOINT WARNING * * *
The jelly attacks as it pursues you! The jelly hits you.
* * * LOW HITPOINT WARNING * * *
You are splashed with acid!
* * * LOW HITPOINT WARNING * * *
You feel better. The jelly hits you.
* * * LOW HITPOINT WARNING * * *
You are splashed with acid!
* * * LOW HITPOINT WARNING * * *
You feel better. The jelly barely misses you.
You hit the jelly but do no damage. The acid corrodes you!
Your hands burn!
* * * LOW HITPOINT WARNING * * *
The jelly is moderately wounded.
The jelly completely misses you.
You hit the jelly but do no damage.
Your hands burn!
* * * LOW HITPOINT WARNING * * *
The jelly is moderately wounded.
You hit the jelly but do no damage. The acid corrodes you!
Your hands burn!
* * * LOW HITPOINT WARNING * * *
The jelly is moderately wounded.
The jelly closely misses you.
You hit the jelly.
Your hands burn!
* * * LOW HITPOINT WARNING * * *
The jelly is heavily wounded.
The jelly barely misses you.
You hit the jelly but do no damage.
Your hands burn!
* * * LOW HITPOINT WARNING * * *
The jelly is heavily wounded.
The jelly hits you.
* * * LOW HITPOINT WARNING * * *
You are splashed with acid!
You die...

. ≈≈# #.# .#
≈≈...≈≈## #.# #
≈.≈.≈.≈≈## #.#
.≈≈.≈≈.≈≈## #.#
≈≈≈.≈≈≈.≈≈########.#
≈≈...≈≈≈.≈≈##......#
≈.....≈≈≈.≈≈##.#####
...∩..KK≈...'..#
≈.....≈≈≈J@≈####
≈≈...≈≈≈.≈≈##
≈≈≈.≈≈≈.≈≈##
.≈≈%≈≈.≈≈##
≈.≈.≈.≈≈## ≈≈...≈≈##
#≈≈.≈≈# ##≈≈≈#


You could see a jelly and 2 kobolds.

Vanquished Creatures
  Sigmund (D:3)
  An acid dragon (D:7)
  An iguana (D:5)
  5 adders
  A white imp (D:7)
  7 ribbon worms
  4 orcs (D:4)
  8 endoplasms
  3 giant cockroaches
  10 goblins
  4 hobgoblins
  2 jackals (D:2)
  5 quokkas
  6 ball pythons
  3 bats
  5 frilled lizards
  6 kobolds
  8 rats
80 creatures vanquished.

Notes
Turn   | Place    | Note
-------+----------+-------------------------------------------
     0 | D:1      | rumournova the Hill Orc Monk began the quest for the Orb.
     0 | D:1      | Reached XP level 1. HP: 19/19 MP: 1/1
   207 | D:1      | Reached XP level 2. HP: 27/27 MP: 2/2
   255 | D:1      | Found a faded altar of an unknown god.
   744 | D:2      | Reached skill level 5 in Axes
   744 | D:2      | Reached XP level 3. HP: 29/33 MP: 3/3
  1364 | D:2      | Reached XP level 4. HP: 36/41 MP: 4/4
  1440 | D:2      | Found Derisypn's General Store.
  2190 | D:3      | Noticed Sigmund
  2427 | D:3      | Reached XP level 5. HP: 47/47 MP: 5/5
  2443 | D:3      | Killed Sigmund
  2444 | D:3      | Reached skill level 5 in Fighting
  2444 | D:3      | Reached skill level 6 in Axes
  2444 | D:3      | Reached XP level 6. HP: 43/56 MP: 6/6
  2909 | D:4      | Found a bloodstained altar of Trog.
  3212 | D:4      | Found a burning altar of Makhleb.
  3335 | D:4      | You are sucked into a shaft and drop 3 floors!
  3362 | D:7      | Noticed an acid dragon
  3377 | D:7      | Killed an acid dragon
  3378 | D:7      | Reached skill level 7 in Axes
  3515 | D:6      | Noticed an ice beast
  3519 | D:5      | Entered Level 5 of the Dungeon
  3526 | D:5      | Reached XP level 7. HP: 43/61 MP: 7/7
  3730 | D:4      | Found Ezxoleto's Jewellery Boutique.
  3749 | D:4      | Splashed by a jelly's acid

Illustrated notes

Levels and vault maps discovered:
D:1:      amcnicky_arrival_abandoned_market, layout_basic,
          shapermc_ecumenical_altar_notcrosses, kennysheep_crisscross
D:2:      minmay_thinvault, layout_loops_ring, serial_shops, shop
D:3:      layout_basic, chequers_serial_rivers_large_a,
          guppyfry_early_lair_pool, uniq_sigmund
D:4:      layout_loops_corners, trog_three_pillars_becter, lemuel_crystal_altar,
          kennysheep_diamond, corner_web_ring
D:5:      layout_cave_pods, nicolae_sif_muna_condensation, serial_shops,
          nicolae_shop_just_a_little_nook
D:6:      layout_rooms, minmay_temple_entry_sparse_star,
          amcnicky_mini_corridor_feature, dk_noncrumbling_4, uniq_blork_the_orc,
          uniq_edmund
D:7:      layout_loops_ring, mainiacjoe_overflow_surrounded_room,
          uniq_crazy_yiuf_cottage

Skill      XL: |  1  2  3  4  5  6 |
---------------+-------------------+-----
Axes           | 5 6 7 |  7.6
Fighting       | 4 5 |  5.4
Armour         | 2 |  2.9
Dodging        | |  2.9
Stealth        | |  0.5

Action                     |  1- 3 |  4- 6 |  7- 9 || total
---------------------------+-------+-------+-------++-------
  Melee: Hand axe          |   118 |   153 |    22 ||   293
    Use: Scroll            |       |     9 |       ||     9
         Potion            |       |     1 |     2 ||     3
 Armour: Robe              |    55 |       |       ||    55
         Plate armour      |    14 |   127 |    25 ||   166
  Dodge: Dodged            |    63 |    27 |    10 ||   100
